 Dungeon Crawl Stone Soup version 0.28-a0-1396-gdcb3f3653b (webtiles) character file.

Game seed: 17225628382434163880

8825 Majang the Carver (level 11, -4/85 (89) HPs)
             Began as a Barachi Fighter on Jan 5, 2022.
             Was an Elder of Ru.
             Slain by an orc high priest (11 damage)
             ... on level 1 of the Orcish Mines.
             The game lasted 00:54:59 (9248 turns).

Majang the Carver (Barachi Fighter)                 Turns: 9248, Time: 00:55:00

HP:   -4/85 (89)    AC: 17    Str: 25    XL:     11   Next: 36%
MP:   20/20         EV: 10    Int:  5    God:    Ru [****..]
Gold: 574           SH:  0    Dex: 17    Spells: 10/10 levels left

rFire   . . .      SeeInvis +   a - +0 long sword (vamp)
rCold   . . .      Faith    .   (shield unavailable)
rNeg    . . .      Spirit   .   c - +0 plate armour
rPois   .          Reflect  .   s - +1 helmet
rElec   .          Harm     .   (no cloak)
rCorr   .          Rampage  .   u - +0 pair of gloves
Will    +....                   (no boots)
Stlth   ..........              v - amulet of Moodiness {Will+ Regen+ MP+9 Str+3}
HPRegen 1.04/turn               (ring unavailable)
MPRegen 0.17/turn               C - ring of Afat Boo {Int-3 Dex+5 SInv Stlth+}

@: confused, lethally poisoned (-4 -> -11), exhausted, ambrosia-drunk, spiked,
unable to hop, studying Earth Magic, lightly drained, unable to read, slow
A: amphibious, slowness 1, inability to read while threatened, missing a hand,
strong legs 1, +LOS
a: Hop, Renounce Religion, Draw Out Power, Power Leap


You were on level 1 of the Orcish Mines.
You worshipped Ru.
Ru was greatly pleased with you.
You visited 3 branches of the dungeon, and saw 12 of its levels.

You collected 613 gold pieces.
You spent 39 gold pieces at shops.

Inventory:

Hand Weapons
 a - a +0 vampiric long sword (weapon)
 r - a +2 long sword
 y - a +4 short sword
 F - a +0 scimitar
Missiles
 d - 4 throwing nets
 h - 3 boomerangs
 l - 37 poisoned darts (quivered)
 p - 14 silver boomerangs
 D - 5 atropa-tipped darts
Armour
 c - a +0 plate armour (worn)
 s - a +1 helmet (worn)
 u - a +0 pair of gloves (worn)
Jewellery
 m - a +4 ring of protection
 v - the amulet of Moodiness (around neck) {Will+ Regen+ MP+9 Str+3}
   (You found it on level 6 of the Dungeon)

   [amulet of regeneration]

   Str:       It affects your strength (+3).
   MP:        It affects your magic capacity (+9).
   Regen:     It increases your rate of health regeneration.
   Will:      It increases your willpower.
 C - the ring of Afat Boo (right hand) {Int-3 Dex+5 SInv Stlth+}
   (You acquired it on level 1 of the Orcish Mines)

   [ring of see invisible]

   Int:       It affects your intelligence (-3).
   Dex:       It affects your dexterity (+5).
   SInv:      It lets you see invisible.
   Stlth:     It makes you more stealthy.
Wands
 f - a wand of digging (8)
 t - a wand of iceblast (12)
 A - a wand of acid (2)
 B - a wand of flame (9)
Scrolls
 b - a scroll of immolation
 i - 4 scrolls of teleportation
 j - 2 scrolls of enchant armour
 x - a scroll of amnesia
Potions
 e - 3 potions of cancellation
 g - a potion of attraction
 k - 2 potions of flight
 n - 3 potions of curing
 o - 3 potions of mutation
 q - a potion of ambrosia
 w - a potion of brilliance {unknown}
 z - a potion of magic {unknown}
 E - a potion of might


   Skills:
 + Level 9.4 Fighting
 * Level 12.4 Long Blades
 + Level 6.4 Throwing
 + Level 8.7 Armour
 + Level 7.0 Dodging
   Level 0.0 Shields


You had 10 spell levels left.
You didn't know any spells.
Your spell library contained the following spells:

 Spells                   Type           Power      Damage    Failure   Level
 Magic Dart               Conj           0%         1d3       99%         1
 Call Imp                 Summ           0%         N/A       100%        2
 Corpse Rot               Necr/Air       0%         N/A       100%        2
 Ensorcelled Hibernation  Hex/Ice        0%         N/A       100%        2
 Poisonous Vapours        Pois/Air       0%         N/A       100%        2
 Mephitic Cloud           Conj/Pois/Air  0%         N/A       100%        3
 Stone Arrow              Conj/Erth      0%         3d7       100%        3
 Tukima's Dance           Hex            0%         N/A       100%        3
 Animate Armour           Summ/Erth      0%         N/A       100%        4
 Summon Forest            Summ/Tloc      0%         N/A       100%        5
 Summon Mana Viper        Hex/Summ       0%         N/A       100%        5
 Summon Cactus Giant      Summ           0%         N/A       100%        6
 Enfeeble                 Hex            0%         N/A       100%        7
 Lehudib's Crystal Spear  Conj/Erth      0%         10d2      100%        8


Dungeon Overview and Level Annotations

Branches:
Dungeon (9/15)             Temple (1/1) D:5             Orc (2/2) D:9
   Lair: D:8-11         Elf: Orc:2

Altars:
Ashenzari
Cheibriados
Dithmenos
Elyvilon
Fedhas
Gozag
Hepliaklqana
Kikubaaqudgha
Makhleb
Nemelex Xobeh
Okawaru
Qazlal
Ru
Sif Muna
Trog
Uskayaw
Vehumet
Wu Jian
Xom
Yredelemnul
Zin
The Shining One
Beogh

Shops:
D:6 :!=*

Annotations:
D:3 2 transporters
D:9 1 runed translucent door, erthbison's ghost, novice GrFi


Innate Abilities, Weirdness & Mutations

You are amphibious.
You cover ground slowly.
You sometimes lose the ability to read scrolls when taking damage.
You are missing a hand.
You can hop short distances.
You have an extended range of vision and can be seen from far away.


Message History

You feel very sick.
The orc high priest hits you from afar with a +0 halberd!
You feel better.
The orc warrior no longer looks unusually strong.
The orc priest no longer looks unusually strong.
The orc warrior hits you with a +0 trident.
The red devil hits you from afar with a +2 demon trident of venom!
Barbed spikes become lodged in your body.
The orc high priest utters an invocation to Beogh.
You barely miss the orc warrior.
The orc warrior is heavily wounded.
The orc warrior hits you with a +0 trident.
The orc knight begins to attack, but is stunned by your conviction!
Unknown command.
Aiming: Corrosive Bolt
Press: ? - help, Shift-Dir - straight line, f/p - orc high priest
Aim: an orc high priest, wielding a +0 halberd (moderately wounded, strong, 64% to hit)
The bolt of acid hits the orc warrior!
You kill the orc warrior!
The bolt of acid misses the orc high priest.
The bolt of acid hits the orc knight.
The acid corrodes the orc knight!
The orc knight is lightly wounded.
The bolt of acid hits the orc wizard!
You kill the orc wizard!
The orc wizard no longer looks unusually strong.
The orc no longer looks unusually strong.
The orc high priest hits you from afar with a +0 halberd!
* * * LOW HITPOINT WARNING * * *
The orc priest mumbles some strange prayers to Beogh against you.
Beogh smites you!
* * * LOW HITPOINT WARNING * * *
You are confused.
You feel invigorated.
The orc no longer looks unusually strong. x3
The red devil hits you with a +2 demon trident of venom.
* * * LOW HITPOINT WARNING * * *
Barbed spikes become lodged in your body.
You are lethally poisoned!
The orc high priest hits you from afar with a +0 halberd!
You die...

#.#.#........###.
#..........##
#...#..o.o.#
#.....#oo#.##
##.#.#oooooo#
#####.oho### ##.oo#
###4# #@# ### #..#
### ##.####.#
##.####...# ### ##
#...##.#.##
.####.##.....# ###
..#....#.....####.##
..............#....#
.......#.....#.....#


You could see an orc knight (corroded), an orc high priest (strong), a warg, a
red devil (summoned, blind), 2 orc warriors, 3 orc priests, an orc wizard
(invisible) and 5 orcs.

Vanquished Creatures
  Harold (D:7)
  An orc knight (D:9)
  An orc sorcerer (Orc:2)
  Joseph (D:7)
  3 trolls
  A hornet (D:9)
  Grinder (D:4)
  2 wyverns
  4 yaks (D:7)
  2 steam dragons
  Menkaure (D:4)
  3 wargs
  An acid dragon (D:5)
  12 orc warriors
  2 sky beasts
  2 necrophages
  3 black bears
  4 ogres
  2 phantoms
  A kobold brigand (D:7)
  A bullfrog (D:5)
  2 gnoll sergeants (D:9)
  A water moccasin skeleton (D:6)
  6 killer bees (D:7)
  4 wights
  5 howler monkeys
  A centaur zombie (D:5)
  A gnoll shaman (D:5)
  A jelly (D:4)
  8 orc priests
  A centaur skeleton (D:7)
  A hound (D:5)
  2 bullfrog skeletons
  5 iguanas
  12 orc wizards
  A scorpion zombie (D:5)
  A hound skeleton (D:5)
  5 adders
  20 gnolls
  A howler monkey skeleton (D:7)
  3 shadow imps
  An ufetubus (D:5)
  2 worms
  51 orcs
  4 ball pythons
  4 endoplasms
  5 giant cockroaches
  4 goblins
  6 hobgoblins
  4 quokkas
  2 bats
  2 frilled lizards
  11 kobolds
  2 rats (D:1)
228 creatures vanquished.

Vanquished Creatures (collateral kills)
  An adder (D:5)
1 creature vanquished.

Vanquished Creatures (others)
  An orc warrior (D:9)
  An orc (Orc:1)
  12 plants (D:5)
14 creatures vanquished.

Grand Total: 243 creatures vanquished

Notes
Turn   | Place    | Note
-------+----------+-------------------------------------------
     0 | D:1      | Majang the Barachi Fighter began the quest for the Orb.
     0 | D:1      | Reached XP level 1. HP: 18/18 MP: 1/1
    24 | D:1      | You fall into a shaft and drop 1 floor!
    57 | D:2      | Reached skill level 3 in Long Blades
    57 | D:2      | Reached XP level 2. HP: 21/25 MP: 2/2
   339 | D:1      | Reached XP level 3. HP: 12/30 MP: 3/3
  1572 | D:3      | Found a white marble altar of Elyvilon.
  1606 | D:3      | Reached skill level 4 in Long Blades
  1671 | D:3      | Found a transporter.
  1692 | D:3      | Found a transporter.
  1780 | D:3      | Reached XP level 4. HP: 22/38 MP: 4/4
  2191 | D:3      | Found a faded altar of an unknown god.
  2601 | D:4      | Noticed a phantom
  2618 | D:4      | Killed a phantom
  2619 | D:4      | Reached skill level 5 in Fighting
  2619 | D:4      | Reached skill level 5 in Long Blades
  2619 | D:4      | Reached XP level 5. HP: 11/44 MP: 5/5
  3228 | D:4      | Reached XP level 6. HP: 35/51 MP: 6/6
  3386 | D:4      | Noticed Grinder
  3392 | D:4      | Paralysed by Grinder for 5 turns
  3397 | D:4      | Killed Grinder
  3398 | D:4      | Reached skill level 6 in Long Blades
  3398 | D:4      | Reached skill level 1 in Throwing
  3398 | D:4      | Reached skill level 1 in Dodging
  3566 | D:4      | Noticed Menkaure
  3571 | D:4      | Killed Menkaure
  3572 | D:4      | Reached XP level 7. HP: 56/56 MP: 7/7
  3728 | D:5      | Entered Level 5 of the Dungeon
  3728 | D:5      | Found an opulent altar of Gozag.
  3732 | D:5      | Found a staircase to the Ecumenical Temple.
  3748 | Temple   | Entered the Ecumenical Temple
  4024 | D:5      | Reached skill level 7 in Long Blades
  4180 | D:5      | Found a broken altar of Ashenzari.
  4219 | D:5      | Noticed a wyvern
  4225 | D:5      | Killed a wyvern
  4226 | D:5      | Reached XP level 8. HP: 64/64 MP: 8/8
  4240 | D:5      | Reached skill level 5 in Armour
  4724 | D:5      | Found a sacrificial altar of Ru.
  4732 | D:5      | Became a worshipper of Ru the Awakened
  5052 | D:5      | Reached skill level 8 in Long Blades
  5182 | D:5      | Reached skill level 5 in Shields
  5319 | D:6      | Identified the amulet of Moodiness {Will+ Regen+ MP+9
                  | Str+3}
  5569 | D:6      | Reached XP level 9. HP: 65/71 MP: 9/9
  5842 | D:6      | Found Bevo's Assorted Antiques.
  5844 | D:6      | Found Fusick's Jewellery Boutique.
  5846 | D:6      | Found Kics's Distillery.
  5852 | D:6      | Bought a pink potion for 26 gold pieces
  5853 | D:6      | Found Wym Rih's Book Boutique.
  5855 | D:6      | Bought a potion of degeneration for 13 gold pieces
  5924 | D:6      | Found an ornate altar of the Wu Jian Council.
  6082 | D:7      | Reached skill level 9 in Long Blades
  6266 | D:7      | Gained mutation: You are missing a hand. [Ru sacrifice]
  6266 | D:7      | Reached * piety under Ru
  6266 | D:7      | Reached ** piety under Ru
  6824 | D:8      | Noticed Joseph
  6828 | D:8      | Noticed Harold
  6846 | D:7      | Killed Joseph
  6847 | D:7      | Reached skill level 10 in Long Blades
  6847 | D:7      | Reached skill level 5 in Dodging
  6847 | D:7      | Reached XP level 10. HP: 80/80 MP: 10/10
  6877 | D:7      | Killed Harold
  6878 | D:7      | Reached skill level 5 in Throwing
  7343 | D:9      | Found a runed translucent door.
  7362 | D:9      | Noticed erthbison's ghost (novice GrFi)
  7362 | D:9      | Noticed an orc knight
  7409 | D:9      | Reached skill level 11 in Long Blades
  7534 | D:9      | Found a staircase to the Orcish Mines.
  7764 | D:9      | Paralysed by a hornet for 2 turns
  8139 | Orc:1    | Entered Level 1 of the Orcish Mines
  8266 | Orc:1    | Noticed an orc knight
  8326 | D:9      | Killed an orc knight
  8411 | D:9      | Reached XP level 11. HP: 83/87 MP: 11/11
  8491 | D:9      | Gained mutation: You sometimes lose the ability to read
                  | scrolls when taking damage. [Ru sacrifice]
  8491 | D:9      | Reached *** piety under Ru
  8491 | D:9      | Reached **** piety under Ru
  8775 | Orc:2    | Entered Level 2 of the Orcish Mines
  8796 | Orc:2    | Reached skill level 12 in Long Blades
  9020 | Orc:1    | Identified a scroll of acquirement
  9020 | Orc:1    | Acquired the ring of Afat Boo {Int-3 Dex+5 SInv Stlth+}
  9150 | Orc:2    | Noticed an orc sorcerer
  9161 | Orc:2    | Killed an orc sorcerer
  9217 | Orc:1    | Noticed an orc knight
  9217 | Orc:1    | Noticed an orc high priest
  9248 | Orc:1    | Slain by an orc high priest

Illustrated notes

Levels and vault maps discovered:
D:1:      enne_arrival_octagon_isle, layout_basic
D:2:      layout_basic, grunt_ministairs_12
D:3:      gammafunk_wand_slinger, layout_loops_ring,
          nicolae_elyvilon_peaceful_grove, hellmonk_ecumenical_altar_run_dry,
          kennysheep_boxes
D:4:      layout_basic, uniq_menkaure, uniq_grinder
D:5:      layout_cave_pools, mainiacjoe_overflow_cross_hatched,
          lemuel_crystal_altar, nicolae_gozag_seed_capital,
          minmay_temple_entry_slanted, minmay_manual_mess
D:6:      layout_loops_ring, lemuel_doored_altar, minmay_statues_item,
          hangedman_decor_peaks_small, minivault_19, minmay_holes,
          minmay_shop_grid_forest
D:7:      layout_cave_pools, grunt_ministairs_8, minivault_27
D:8:      layout_rooms, minmay_unpleasant_kobolds, uniq_harold, uniq_joseph
D:9:      layout_irregular_city, orc_0_dummy, ebering_ghost_inner_flame
Temple:   bh_familiar_temple
Orc:1:    layout_caves, basic_altar, minmay_orc_barracks
Orc:2:    st_orc_elflike, layout_diamond_mine

Skill      XL: |  1  2  3  4  5  6  7  8  9 10 11 |
---------------+----------------------------------+-----
Long Blades    | 3 4 5 6 7 8 10 11 12 | 12.4
Fighting       | 4 5 6 7 8 9 |  9.4
Throwing       | 1 2 3 4 5 6 |  6.4
Armour         | 4 5 6 8 |  8.7
Dodging        | 1 2 3 5 6 7 |  7.0
Shields        | 4 5 0 |  0.0

Action                   |  1- 3 |  4- 6 |  7- 9 | 10-12 || total
-------------------------+-------+-------+-------+-------++-------
Melee: Long sword        |    98 |    92 |   325 |   507 ||  1022
Throw: Dart              |       |    12 |    46 |    53 ||   111
       Boomerang         |       |     4 |       |     5 ||     9
Invok: Sacrifice a Hand  |       |       |     1 |       ||     1
       Draw Out Power    |       |       |       |     1 ||     1
       Sacrifice Words   |       |       |       |     1 ||     1
 Abil: Hop               |       |       |     5 |     9 ||    14
Evoke: Wand              |       |       |     3 |     4 ||     7
  Use: Scroll            |       |     7 |    11 |     2 ||    20
       Potion            |       |     2 |     4 |     3 ||     9
 Stab: Invisible         |       |       |       |     1 ||     1
Armor: Scale mail        |    51 |    21 |    95 |       ||   167
       Chain mail        |       |       |    83 |       ||    83
       Plate armour      |       |       |    46 |   256 ||   302
Dodge: Dodged            |    53 |    36 |   172 |   216 ||   477
Block: Buckler           |    12 |    15 |    74 |       ||   101

Table legend: (Time is in decaauts)
 A = Elapsed time spent in this place.
 B = Non-inter-level travel time spent in this place.
 C = Inter-level travel time spent in this place.
 D = Time resting spent in this place.
 E = Time spent auto-exploring this place.
 F = Levels seen in this place.
 G = Mean time per level.
                   A        B        C        D        E       F      G
               +--------+--------+--------+--------+--------+-----+--------+
         Total |  10235 |   9778 |    457 |   1950 |   4667 |  12 |  852.9 |
       Dungeon |   9152 |   8787 |    365 |   1907 |   4434 |   9 | 1016.9 |
        Temple |    234 |    185 |     49 |      0 |      0 |   1 |  234.0 |
  Orcish Mines |    848 |    806 |     42 |     43 |    233 |   2 |  424.0 |
               +--------+--------+--------+--------+--------+-----+--------+

Top non-repeatable levels by time:
     D:4: 1361 daAuts
     D:5: 1321 daAuts
     D:9: 1222 daAuts
     D:3: 1099 daAuts
     D:2: 1090 daAuts
     D:6: 1028 daAuts
     D:7: 897 daAuts
     D:1: 710 daAuts
   Orc:1: 619 daAuts
     D:8: 420 daAuts
  Temple: 234 daAuts
   Orc:2: 228 daAuts
